 Dungeon Crawl Stone Soup version 0.28.0-45-g0d030f2227 (webtiles) character file.

Game seed: 5336145399625034748

571 selver the Slasher (level 7, -7/52 HPs)
             Began as a Demonspawn Abyssal Knight on Apr 10, 2022.
             Was a Believer of Lugonu.
             Killed by divine providence
             ... invoked by an orc priest
              (11 damage)
             ... on level 5 of the Dungeon.
             The game lasted 00:10:50 (4570 turns).

selver the Slasher (Demonspawn Abyssal Knight)      Turns: 4570, Time: 00:10:51

Health: -7/52      AC:  5    Str: 15    XL:     7   Next: 12%
Magic:  8/8        EV: 11    Int: 16    God:    Lugonu [**....]
Gold:   170        SH:  0    Dex: 13    Spells: 6/6 levels left

rFire   . . .      SeeInvis .   a - +1 falchion
rCold   . . .      Faith    .   (no shield)
rNeg    . . .      Spirit   .   d - +0 leather armour
rPois   .          Reflect  .   c - +0 helmet
rElec   .          Harm     .   (no cloak)
rCorr   .          Rampage  .   (no gloves)
Will    .....                   k - +0 pair of boots
Stlth   +.........              (no amulet)
HPRegen 0.17/turn               f - +4 ring of slaying
MPRegen 0.22/turn               (no ring)

@: mighty
A: powered by pain 1, magic regeneration, big brain 2, weakness stinger 1
a: Renounce Religion, Depart the Abyss, Bend Space


You were on level 5 of the Dungeon.
You worshipped Lugonu.
Lugonu was pleased with you.
You visited 1 branch of the dungeon, and saw 5 of its levels.
You visited the Abyss 1 time.

You collected 242 gold pieces.
You spent 72 gold pieces at shops.

Inventory:

Hand Weapons
 a - a +1 falchion (weapon)
 b - the +1 hunting sling of the Nexus {venom, rElec Int+3 Dex+4}
   (You found it on level 4 of the Dungeon)

   Any ammunition fired from it poisons the flesh of those it strikes.
   Int:       It affects your intelligence (+3).
   Dex:       It affects your dexterity (+4).
   rElec:     It insulates you from electricity.
 e - the +8 dagger of Tension {drain, rPois}
   (You found it on level 3 of the Dungeon)

   A truly terrible weapon, it drains the life of any living foe it strikes.
   rPois:     It protects you from poison.
Missiles
 u - 6 boomerangs
 x - 2 silver boomerangs
 C - 28 stones
Armour
 c - a +0 helmet (worn)
 d - a +0 leather armour (worn)
 k - a +0 pair of boots (worn)
Jewellery
 f - a +4 ring of slaying (left hand)
 q - an amulet of magic regeneration
 t - a ring of fire
 y - a ring of ice
Scrolls
 h - a scroll of fog {unknown}
 i - 3 scrolls of identify
 j - 2 scrolls of noise {unknown}
 l - a scroll of silence {unknown}
 m - a scroll of immolation {unknown}
 n - 2 scrolls of amnesia {unknown}
 p - a scroll of vulnerability {unknown}
 v - a scroll of magic mapping {unknown}
 A - a scroll of fear {unknown}
 B - a scroll of brand weapon {unknown}
Potions
 g - a potion of flight
 o - a potion of magic
 r - 2 potions of curing {unknown}
 s - a potion of haste {unknown}
 w - a potion of attraction {unknown}
 z - a potion of mutation {unknown}


   Skills:
 - Level 3.0 Fighting
 + Level 4.7(5.8) Short Blades
 - Level 5.2(6.1) Long Blades
 - Level 1.7 Armour
 - Level 0.8 Dodging
 - Level 2.4 Invocations


You had 6 spell levels left.
You didn't know any spells.
Your spell library contained the following spells:

 Spells                   Type           Power      Damage    Failure   Level
 Summon Lightning Spire   Summ/Air       0%         N/A       97%         4
 Storm Form               Tmut/Air       0%         N/A       100%        7
 Maxwell's Capacitive Co  Air            0%         ∞         100%        8


Dungeon Overview and Level Annotations

Branches:
Dungeon (5/15)             Temple (0/1) D:5

Altars:
Cheibriados
Dithmenos
Kikubaaqudgha
Qazlal
Uskayaw

Shops:
D:2 *

Annotations:
D:5 2 transporters, TickTock's ghost, novice MiBe


Innate Abilities, Weirdness & Mutations

You sometimes gain a little power by taking damage.
You regenerate magic rapidly.
You have an extremely huge brain. (Int +4)
You have a small tail.


Message History

The hound is heavily wounded.
The hound barely misses you.
You closely miss the hound.
The hound is heavily wounded.
The hound bites you. x2
You barely miss the hound. You tail-slap the hound.
The hound is severely wounded.
The hound closely misses you.
You barely miss the hound. You tail-slap the hound.
The hound is almost dead.
The hound barely misses you. The hound closely misses you.
You barely miss the hound.
The hound is almost dead.
The hound closely misses you.
You closely miss the hound.
The hound is almost dead.
The hound barely misses you. x2
You hit the hound.
You kill the hound!
Lugonu accepts your kill.
Search for what [? for help]? stone You see here a hound corpse.
You see here 28 stones.
C - 28 stones Search for what [Enter for "stone", or ? for help]? rock Can't find anything matching that.
Search for what [Enter for "rock", or ? for help]? bullet The orc warrior shouts!
There are no items here.
The orc warrior hits you with a +0 trident!
You barely miss the orc warrior.
The orc warrior hits you with a +0 trident!
The orc warrior hits you from afar with a +0 trident!
* * * LOW HITPOINT WARNING * * *
You focus on the pain.
You feel very mighty all of a sudden.
The orc priest shouts!
The orc priest mumbles some strange prayers to Beogh against you.
Beogh smites you!
You die...

.#.≈≈≈≈≈.....#.≈.##.#######.©#$#.
.#.≈....≈≈≈≈.#.≈.............#..#
.#.≈.###...≈.#.≈###..........#..#
.#.≈.#_.##.≈.#.≈###########..#.#.
.#.≈.#...#.≈.#.≈##........#..#©.?
#.≈.#.≈...≈.#.≈.#...#####.#..####
#.≈.#.≈≈._≈.#.≈.#...# #.#####.#
#.≈.#...≈≈≈.#.≈.#...# #.# #..
#.≈.####....#.≈.@...#####.#######
#.≈.....#####[≈.#................
#.≈≈≈≈≈≈......≈.#....####.#######
#.......≈≈≈≈≈≈≈o####.# #.# #
########........# #.# #.# #
..........##....# #.####.# #
#........##o..)# #......# #
#.#......##.############## #
#.#.....###............ #


You could see an orc warrior and an orc priest.

Vanquished Creatures
  A black bear (D:3)
  2 ogres (D:4)
  A scorpion (D:5)
  2 hounds
  2 orc wizards
  3 gnolls (D:4)
  4 adders
  An ufetubus (D:5)
  2 adder skeletons (D:4)
  2 dart slugs (D:1)
  5 orcs (D:3)
  7 endoplasms
  A giant cockroach (D:1)
  9 goblins
  8 hobgoblins
  2 jackals (D:3)
  A quokka (D:1)
  5 ball pythons
  3 bats
  3 frilled lizards
  5 kobolds
  2 rats (D:1)
71 creatures vanquished.

Notes
Turn   | Place    | Note
-------+----------+-------------------------------------------
     0 | Abyss:1  | selver the Demonspawn Abyssal Knight began the quest for
                  | the Orb.
     0 | Abyss:1  | Reached XP level 1. HP: 18/18 MP: 2/2
    24 | Abyss:1  | Found a corrupted altar of Lugonu.
    82 | Abyss:1  | Noticed a sixfirhy
    84 | D:1      | Escaped the Abyss
   123 | D:1      | Reached skill level 2 in Long Blades
   187 | D:1      | Reached * piety under Lugonu
   445 | D:1      | Gained mutation: You have a small tail. [demonic ancestry]
   445 | D:1      | Reached XP level 2. HP: 24/24 MP: 3/3
   764 | D:1      | Reached skill level 3 in Long Blades
  1146 | D:2      | Reached XP level 3. HP: 29/29 MP: 4/4
  1340 | D:2      | Found a faded altar of an unknown god.
  1466 | D:2      | You fall into a shaft and drop 1 floor!
  1558 | D:3      | Reached ** piety under Lugonu
  1576 | D:3      | Noticed a black bear
  1621 | D:3      | Gained mutation: You sometimes gain a little power by
                  | taking damage. [demonic ancestry]
  1621 | D:3      | Reached XP level 4. HP: 35/35 MP: 5/5
  1622 | D:3      | Reached skill level 4 in Long Blades
  1623 | D:3      | Killed a black bear
  1624 | D:3      | Gained mutation: You have an unusually large brain. (Int
                  | +2) [demonic ancestry]
  1624 | D:3      | Reached XP level 5. HP: 33/41 MP: 6/6
  1631 | D:3      | Reached skill level 5 in Long Blades
  1918 | D:3      | Identified the +8 dagger of Tension {drain, rPois}
  1990 | D:3      | Reached skill level 1 in Short Blades
  2619 | D:2      | Found Hiop's Assorted Antiques.
  2632 | D:2      | Bought a scroll labelled FEODOSHR UGRIO for 24 gold pieces
  2632 | D:2      | Bought a scroll labelled UNOASHICHI for 24 gold pieces
  2632 | D:2      | Bought a scroll labelled UNOASHICHI for 24 gold pieces
  2853 | D:4      | Found a shadowy altar of Dithmenos.
  2875 | D:4      | Noticed an ogre
  2882 | D:4      | Killed an ogre
  2883 | D:4      | Gained mutation: You regenerate magic rapidly. [demonic
                  | ancestry]
  2883 | D:4      | Reached XP level 6. HP: 47/47 MP: 7/7
  2941 | D:4      | Found a snail-covered altar of Cheibriados.
  2941 | D:4      | Found a hide-covered altar of Uskayaw.
  3290 | D:4      | Identified the +1 hunting sling of the Nexus {venom, rElec
                  | Int+3 Dex+4}
  3589 | D:5      | Entered Level 5 of the Dungeon
  3652 | D:5      | Noticed an orc warrior
  3656 | D:5      | Gained mutation: You have an extremely huge brain. (Int +4)
                  | [demonic ancestry]
  3656 | D:5      | Reached XP level 7. HP: 46/52 MP: 8/8
  3686 | D:5      | HP: 2/52 [orc priest/divine providence (10)]
  4074 | D:5      | Found a stormy altar of Qazlal.
  4075 | D:5      | Found an ancient bone altar of Kikubaaqudgha.
  4160 | D:5      | Found a transporter.
  4162 | D:5      | Found a transporter.
  4163 | D:5      | Noticed TickTock's ghost (novice MiBe)
  4165 | D:5      | Identified the +9 great mace "Sant" {freeze, Dex+4}
  4275 | D:5      | Found a staircase to the Ecumenical Temple.
  4570 | D:5      | Killed from afar by an orc priest

Illustrated notes

Levels and vault maps discovered:
D:1:      psy_arrival_radial02, layout_rooms
D:2:      layout_basic, dilly_ecumenical_altar_fadedgnrine, serial_shops, shop
D:3:      layout_basic
D:4:      layout_cave_pods, nicolae_dithmenos_shadow_blocks,
          gammafunk_temple_overflow_pools
D:5:      layout_basic, lemuel_coloured_pillars_altar, nicolae_overflow_squiral,
          minmay_temple_entry_mist, gammafunk_ghost_smash

Skill      XL: |  1  2  3  4  5  6 |
---------------+-------------------+-----
Long Blades    | 2 3 4 5 |  5.2
Short Blades   | 2 4 |  4.7
Fighting       | |  3.0
Armour         | |  1.7
Dodging        | |  0.8
Invocations    | |  2.4

Action                   |  1- 3 |  4- 6 |  7- 9 || total
-------------------------+-------+-------+-------++-------
Melee: Falchion          |    86 |    25 |    19 ||   130
       Tailslap          |     5 |     8 |     3 ||    16
       Punch             |     2 |       |     1 ||     3
       Dagger            |       |    36 |       ||    36
Invok: Depart the Abyss  |     1 |       |       ||     1
  Use: Potion            |     3 |       |     1 ||     4
       Scroll            |       |     2 |       ||     2
Armor: Leather armour    |    36 |    16 |     2 ||    54
Dodge: Dodged            |    71 |    37 |    12 ||   120
